 Dungeon Crawl Stone Soup version 0.26-a0-1049-g242049e08c (webtiles) character file.

Game seed: 2977389121808480810

39 ANON1729 the Caller (level 3, -3/43 HPs)
             Began as an Ogre Summoner on Dec 12, 2020.
             Slain by an orc wizard
             ... wielding a +0 dagger
              (7 damage)
             ... on level 3 of the Dungeon.
             The game lasted 00:04:38 (3330 turns).

ANON1729 the Caller (Ogre Summoner)                 Turns: 3330, Time: 00:04:39

Health: -3/43      AC:  3    Str: 12    XL:     3   Next: 47%
Magic:  4/7        EV: 10    Int: 23    God:
Gold:   125        SH:  0    Dex:  9    Spells: 2/8 levels left

rFire    . . .     SeeInvis .   h - +0 dagger (holy)
rCold    . . .     Faith    .   (no shield)
rNeg     . . .     Spirit   .   a - +0 robe
rPois    .         Reflect  .   (helmet restricted)
rElec    .         Harm     .   (no cloak)
rCorr    .         Rampage  .   (gloves unavailable)
Will     .....     Clarity  +   (boots unavailable)
Stlth    ..........             (no amulet)
HPRegen  0.00/turn              n - +6 ring of intelligence
MPRegen  0.10/turn              (no ring)

@: berserking, very quick
A: large, unfitting armour, clarity, frail 1, inhibited regeneration, tough skin
1, MP-powered wands
a: no special abilities


You were on level 3 of the Dungeon.
You visited 1 branch of the dungeon, and saw 3 of its levels.

You collected 125 gold pieces.

Inventory:

Hand Weapons
 h - a +0 dagger of holy wrath (weapon)
Missiles
 o - 5 curare-tipped darts
Armour
 a - a +0 robe (worn)
Jewellery
 n - a +6 ring of intelligence (left hand)
Scrolls
 c - 2 scrolls of remove curse {unknown}
 e - 3 scrolls of identify {unknown}
 f - 2 scrolls of teleportation {unknown}
 g - a scroll of enchant armour {unknown}
 i - a scroll of amnesia {unknown}
 j - a scroll of noise {unknown}
 m - a scroll of magic mapping {unknown}
Potions
 b - a potion of invisibility {unknown}
 d - 2 potions of mutation
 l - a potion of curing {unknown}


   Skills:
 + Level 1.2 Fighting
 + Level 0.4 Short Blades
 + Level 2.0 Dodging
 - Level 1.4 Stealth
 * Level 3.1 Spellcasting
 * Level 4.0 Summonings


You had 2 spell levels left.
You knew the following spells:

 Your Spells              Type           Power        Failure   Level
a - Summon Small Mammal   Summ           ###.         2%          1
b - Call Imp              Summ           ###.....     3%          2
c - Call Canine Familiar  Summ           ###.....     7%          3

Your spell library contained the following spells:

 Spells                   Type           Power        Failure   Level
 Summon Guardian Golem    Hex/Summ       ##......     16%         3
 Summon Ice Beast         Ice/Summ       ##......     45%         4
 Summon Lightning Spire   Summ/Air       ##......     45%         4


Dungeon Overview and Level Annotations

Branches:
Dungeon (3/15)

Altars:
Qazlal
Ru


Innate Abilities, Weirdness & Mutations

You are too large for most types of armour.
You have tough skin. (AC +1)
You possess an exceptional clarity of mind.
You are frail. (-10% HP)
You do not regenerate when monsters are visible.
You expend magic power (3 MP) to strengthen your wands.


Message History

The magic dart hits you.
You swap places.
The orc wizard points at you and mumbles some strange words.
The puff of flame hits you.
* * * LOW HITPOINT WARNING * * *
The orc wizard points at you and mumbles some strange words.
The puff of flame hits you.
* * * LOW HITPOINT WARNING * * *
Okay, then.
It was a potion of mutation.
You feel extremely strange.
Your thoughts seem clearer.
Your regeneration stops near monsters.
You feel frail.
You feel your magical essence link to the dungeon's wands.
The orc wizard misses you.
Your crimson imp hits the orc.
It was a potion of berserk rage.
A red film seems to cover your vision as you go berserk!
You feel yourself moving faster!
You feel mighty! The orc wizard barely misses you.
The orc wizard hits you with a +0 dagger!
You die...

#...≈≈#§+.#
##..≈≈#≈§§≈§
#.....#≈.>≈#
#..≈..#≈._≈§ .
#.....# ≈§≈ ≈.
#....≈##≈###...
#....≈≈§≈......
#..............
#.....5@o......
#.##.##o##.<...
#.....oo# ###
##...##o##
#[..#.#.#
#...####.o.o#
#...# ##?.#
..... .# ......
..


You could see an orc wizard (fast), 4 orcs and a friendly crimson imp
(summoned).

Vanquished Creatures
  An adder (D:3)
  A leopard gecko (D:2)
  3 bats
  5 giant cockroaches
  2 goblins
  A hobgoblin (D:2)
  3 jackals (D:1)
  4 frilled lizards
  A kobold (D:2)
  3 rats
24 creatures vanquished.

Vanquished Creatures (collateral kills)
  2 worms (D:2)
  A goblin (D:2)
  A quokka (D:2)
  A kobold (D:1)
5 creatures vanquished.

Grand Total: 29 creatures vanquished

Notes
Turn   | Place    | Note
-------+----------+-------------------------------------------
     0 | D:1      | ANON1729 the Ogre Summoner began the quest for the Orb.
     0 | D:1      | Reached XP level 1. HP: 16/16 MP: 3/3
   529 | D:1      | Reached XP level 2. HP: 26/26 MP: 5/5
  1702 | D:2      | Reached skill level 1 in Fighting
  2239 | D:2      | Reached XP level 3. HP: 19/33 MP: 7/7
  2653 | D:2      | Found a sacrificial altar of Ru.
  3127 | D:3      | Reached skill level 4 in Summonings
  3280 | D:3      | Found a stormy altar of Qazlal.
  3291 | D:3      | Learned a level 2 spell: Call Imp
  3295 | D:3      | Learned a level 3 spell: Call Canine Familiar
  3329 | D:3      | Gained mutation: You possess an exceptional clarity of
                  | mind. [potion of mutation]
  3329 | D:3      | Gained mutation: You do not regenerate when monsters are
                  | visible. [potion of mutation]
  3329 | D:3      | Gained mutation: You are frail. (-10% HP) [potion of
                  | mutation]
  3329 | D:3      | Gained mutation: You expend magic power (3 MP) to
                  | strengthen your wands. [potion of mutation]
  3330 | D:3      | Slain by an orc wizard

Illustrated notes

Levels and vault maps discovered:
D:1:      dpeg_arrival_rhombus, layout_loops_ring
D:2:      layout_loops_ring, marbit_many_paths
D:3:      layout_loops_ring, good_gods_mini_temple, lightli_temple_of_fire,
          nicolae_dithmenos_through_a_glass_darkly,
          nicolae_qazlal_general_emergency, okawaru_ov_weapons_minmay,
          portal_sewer_entry_c, nicolae_underground_beach

Skill      XL: |  1  2  3 |
---------------+----------+-----
Fighting       | 1 |  1.2
Spellcasting   | 3 |  3.1
Dodging        | 2 |  2.0
Summonings     | 4 |  4.0
Short Blades   | |  0.4
Stealth        | |  1.4

Action                   || total
-------------------------++-------
Melee: Unarmed           ||    54
       Dagger            ||   149
 Cast: Summon Small Mamm ||    15
       Call Imp          ||     1
  Use: Potion            ||     2
 Stab: Sleeping          ||     4
Armor: Robe              ||    89
Dodge: Dodged            ||   141

Table legend: (Time is in decaauts)
 A = Elapsed time spent in this place.
 B = Non-inter-level travel time spent in this place.
 C = Inter-level travel time spent in this place.
 D = Time resting spent in this place.
 E = Time spent auto-exploring this place.
 F = Levels seen in this place.
 G = Mean time per level.
                   A        B        C        D        E       F      G
               +--------+--------+--------+--------+--------+-----+--------+
         Total |   3327 |   3210 |    117 |    334 |   2381 |   3 | 1109.0 |
       Dungeon |   3327 |   3210 |    117 |    334 |   2381 |   3 | 1109.0 |
               +--------+--------+--------+--------+--------+-----+--------+

Top non-repeatable levels by time:
     D:2: 1555 daAuts
     D:1: 1544 daAuts
     D:3: 228 daAuts
